 Dungeon Crawl Stone Soup version 0.24.0-37-gcf1ca852f1 (webtiles) character file.

Game seed: 15201785637363788946, levelgen mode: deterministic

76 Mesmaeker13 the Conjurer (level 4, -1/24 HPs)
             Began as a Deep Elf Conjurer on Nov 29, 2019.
             Slain by Terence
             ... wielding a +0 short sword
              (9 damage)
             ... on level 2 of the Dungeon.
             The game lasted 00:01:47 (1672 turns).

Mesmaeker13 the Conjurer (Deep Elf Conjurer)        Turns: 1672, Time: 00:01:47

Health: -1/24      AC:  2    Str:  5    XL:     4   Next: 12%
Magic:  12/12      EV: 14    Int: 21    God:
Gold:   115        SH:  0    Dex: 15    Spells: 10/11 levels left

rFire    + . .     SeeInvis .   j - +0 spear
rCold    . . .     Gourm    .   (no shield)
rNeg     . . .     Faith    .   a - +0 robe
rPois    .         Spirit   .   (no helmet)
rElec    .         Reflect  .   (no cloak)
rCorr    .         Harm     .   (no gloves)
MR       .....                  (no boots)
Stlth    ++........             (no amulet)
HPRegen  0.08/turn              f - ring of protection from fire
MPRegen  0.13/turn              (no ring)

@: no status effects
A: no striking features
a: no special abilities


You were on level 2 of the Dungeon.
You were not hungry.

You visited 1 branch of the dungeon, and saw 2 of its levels.

You collected 115 gold pieces.

Inventory:

Hand Weapons
 j - a +0 spear (weapon)
Armour
 a - a +0 robe (worn)
Jewellery
 f - a ring of protection from fire (left hand)
Scrolls
 b - 3 scrolls of remove curse {unknown}
 d - a scroll of teleportation {unknown}
 e - 3 scrolls of identify {unknown}
 i - a scroll of enchant armour {unknown}
Potions
 g - a potion of haste
 l - a potion of lignification {unknown}
Comestibles
 c - 3 rations
 h - 2 chunks of flesh


   Skills:
 + Level 3.6 Dodging
 - Level 2.4 Stealth
 + Level 4.2 Spellcasting
 + Level 5.0 Conjurations


You had 10 spell levels left.
You knew the following spells:

 Your Spells              Type           Power        Failure   Level  Hunger
a - Magic Dart            Conj           ####         1%          1    None

Your spell library contained the following spells:

 Spells                   Type           Power        Failure   Level  Hunger
 Searing Ray              Conj           ####..       2%          2    #......
 Dazzling Spray           Conj/Hex       ###...       12%         3    ###....
 Iskenderun's Mystic Bla  Conj           ####....     14%         4    ####...
 Force Lance              Conj/Tloc      ###.....     38%         4    ####...
 Fulminant Prism          Conj/Hex       ###.......   38%         4    ####...


Dungeon Overview and Level Annotations

Branches:
Dungeon (2/15)

Altars:

Annotations:
D:2 Terence


Message History

Confirm with . or Enter, or press ? or * to list all spells.
You don't know that spell.
Unknown command.
Terence hits you with a +0 short sword. Terence closely misses you.
Unknown command.
Terence closely misses you.
Terence says, "Don't bother to defend, it's useless."
Terence hits you but does no damage. Terence closely misses you.
Things that are here:
4 stones; a kobold corpse Terence hits you but does no damage.
Terence hits you with a +0 short sword. Terence barely misses you.
Terence hits you with a +0 short sword.
* * * LOW HITPOINT WARNING * * *
Terence barely misses you.
There is an escape hatch in the ceiling here.
Terence misses you. Terence hits you with a +0 short sword!
You die...

#.# #.##.#..#####..##### #..#
#.######..#.#..# #..# #..#
..........#.#..# #..# #..#
#..............# #..# #..#
########..#.##.# #..# #..# ##
#..#.##.# #..# #..# >##
#..#.##.#####..# #..# #.##
#.)#...........########..#
...#####........@@..............#
#.....................##.#.###...
...####.#####..######.##.#.# ###.
..## #.# #..# ###.##(#.# #. .##
#.# ##..# ##...##.#.# #. .# #..
...###.#.###.#.# #. .# ####
###.##.###.##.#.# #. .# #...##
##>..#.# #. .# ####.###...##.# #.


You could see Terence.

Vanquished Creatures
  Natasha (D:2)
  An adder (D:2)
  An ooze (D:2)
  A dart slug (D:1)
  A leopard gecko (D:1)
  2 giant cockroaches (D:1)
  7 goblins
  7 hobgoblins
  3 bats
  3 frilled lizards
  4 kobolds
  4 rats
35 creatures vanquished.

Notes
Turn   | Place    | Note
-------+----------+-------------------------------------------
     0 | D:1      | Mesmaeker13 the Deep Elf Conjurer began the quest for the
                  | Orb.
     0 | D:1      | Reached XP level 1. HP: 10/10 MP: 6/6
   228 | D:1      | Reached XP level 2. HP: 15/15 MP: 1/8
  1118 | D:2      | Reached XP level 3. HP: 19/19 MP: 8/10
  1584 | D:2      | Noticed Natasha
  1590 | D:2      | Killed Natasha
  1590 | D:2      | Reached skill level 5 in Conjurations
  1590 | D:2      | Reached XP level 4. HP: 18/24 MP: 4/12
  1646 | D:2      | Noticed Terence
  1672 | D:2      | Slain by Terence

Levels and vault maps discovered:
D:1:      mrwooster_arrival_arrow, layout_basic, st_stairs_14,
          minmay_pentomino_r2
D:2:      layout_loops_ring, first_ration, uniq_terence, uniq_natasha,
          uniq_jessica

Skill      XL: |  1  2  3 |
---------------+----------+-----
Dodging        | 3 |  3.6
Spellcasting   | 4 |  4.2
Conjurations   | 5 |  5.0
Stealth        | |  2.4

Action                   |  1- 3 |  4- 6 || total
-------------------------+-------+-------++-------
Melee: Unarmed           |    14 |       ||    14
Throw: Dart              |       |     6 ||     6
 Cast: Magic Dart        |    70 |     1 ||    71
  Eat: Chunk             |     2 |       ||     2
Armor: Robe              |     1 |       ||     1
Dodge: Dodged            |    10 |     7 ||    17
